 Dungeon Crawl Stone Soup version 0.23.1 (webtiles) character file.

Game seed: 10155550859916474505

2043 Anandil the Ducker (level 9, -5/163 HPs)
             Began as a Gnoll Monk on Mar 19, 2019.
             Was a Believer of Ashenzari.
             Slain by a red ugly thing (18 damage)
             ... on level 6 of the Dungeon.
             The game lasted 00:10:54 (7991 turns).

Anandil the Ducker (Gnoll Monk)                     Turns: 7991, Time: 00:10:56

Health: -5/163     AC: 24    Str: 19    XL:     9   Next: 24%
Magic:  15/15      EV:  2    Int: 16    God:    Ashenzari [**....]
Gold:   245        SH:  7    Dex: 17    Spells: 16/16 levels left

rFire    . . .     SeeInvis +   u - +1 long sword (elec)
rCold    . . .     Gourm    .   l - +2 buckler
rNeg     + + +     Faith    .   (armour currently unavailable)
rPois    +         Spirit   .   (helmet currently unavailable)
rElec    .         Reflect  .   (cloak currently unavailable)
rCorr    .         Harm     .   (gloves currently unavailable)
MR       .....     NoTele   +   (boots currently unavailable)
Stlth    ..........             (no amulet)
HPRegen  0.37/turn              r - ring of see invisible
MPRegen  0.14/turn              (no ring)

@: berserking, tree-form, very quick
A: distributed training, strong nose
a: Curse Item, Scrying, Renounce Religion


You were on level 6 of the Dungeon.
You worshipped Ashenzari.
Ashenzari was pleased with you.
You were not hungry.
You were a tree.
You visited 2 branches of the dungeon, and saw 7 of its levels.

You collected 245 gold pieces.

Inventory:

Hand Weapons
 p - a +0 long sword
 u - a +1 long sword of electrocution (weapon)
Missiles
 o - 5 silver tomahawks (quivered)
 t - 6 javelins
 z - 7 curare-tipped needles
 B - 2 needles of sleeping
Armour
 a - a +0 scale mail (melded)
 b - a +0 shield
 l - a +2 buckler (worn)
 y - a +0 helmet (melded)
 D - a +2 cloak of poison resistance (melded)
Jewellery
 r - a ring of see invisible (left branch)
Wands
 w - a wand of acid (8)
 F - a wand of paralysis (2)
Scrolls
 g - 3 scrolls of amnesia {unknown}
 h - 3 scrolls of remove curse
 i - a scroll of fog {unknown}
 k - 3 scrolls of blinking {unknown}
 q - 3 scrolls of identify {unknown}
 s - 4 scrolls of teleportation {unknown}
 v - 3 scrolls of enchant weapon {unknown}
 C - a scroll of fear {unknown}
Potions
 d - a potion of might {unknown}
 e - 2 potions of lignification
 j - 3 potions of agility {unknown}
 m - 2 potions of haste {unknown}
 n - 2 potions of flight
 A - 2 potions of ambrosia {unknown}
 E - a potion of curing
Miscellaneous
 x - a sack of spiders
Comestibles
 c - 10 rations
 G - 5 chunks of flesh


   Skills:
 + Level 7.7 Fighting
 + Level 4.0 Short Blades
 + Level 7.7 Long Blades
 + Level 4.0 Axes
 + Level 4.0 Maces & Flails
 + Level 4.0 Polearms
 + Level 4.0 Staves
 + Level 4.0 Slings
 + Level 4.0 Bows
 + Level 4.0 Crossbows
 + Level 4.0 Throwing
 + Level 4.0 Armour
 + Level 7.7 Dodging
 + Level 5.8 Stealth
 + Level 4.0 Shields
 + Level 4.0 Unarmed Combat
 + Level 4.0 Spellcasting
 + Level 3.2 Conjurations
 + Level 3.2 Hexes
 + Level 3.2 Charms
 + Level 3.2 Summonings
 + Level 3.2 Necromancy
 + Level 3.2 Translocations
 + Level 3.2 Transmutations
 + Level 3.2 Fire Magic
 + Level 3.2 Ice Magic
 + Level 3.2 Air Magic
 + Level 3.2 Earth Magic
 + Level 3.2 Poison Magic
 + Level 4.4 Invocations
 + Level 4.0 Evocations


You had 16 spell levels left.
You didn't know any spells.
Your spell library contained the following spells:

 Spells                   Type           Power        Failure   Level  Hunger
 Corona                   Hex            ##.....      4%          1    None
 Ensorcelled Hibernation  Hex/Ice        ##....       7%          2    ##.....
 Confuse                  Hex            ##......     13%         3    ###....
 Dazzling Spray           Conj/Hex       ##....       13%         3    ###....
 Tukima's Dance           Hex            ##......     13%         3    ###....


Dungeon Overview and Level Annotations

Branches:
Dungeon (6/15)             Temple (1/1) D:6

Altars:
Ashenzari
Cheibriados
Dithmenos
Elyvilon
Fedhas
Gozag
Hepliaklqana
Kikubaaqudgha
Makhleb
Nemelex Xobeh
Okawaru
Qazlal
Ru
Sif Muna
Trog
Uskayaw
Vehumet
Wu Jian
Xom
Yredelemnul
Zin
The Shining One

Shops:
D:6 !


Innate Abilities, Weirdness & Mutations

Your experience applies equally to all skills.
((You have very sharp teeth.))
Your uncanny sense of smell can sniff out nearby items.


Message History

You no longer feel resistant to poison.
Your roots penetrate the ground.
Unknown command.
It was a potion of flight.
Your roots keep you in place.
The red ugly thing tentacle-slaps you but does no damage.
A red film seems to cover your vision as you go berserk!
You feel yourself moving faster!
You feel mighty!
The red ugly thing tentacle-slaps you but does no damage.
You hit the red ugly thing.
The red ugly thing is lightly wounded.
The ogre hits you with a +0 giant club!
* * * LOW HITPOINT WARNING * * *
You block the red ugly thing's attack.
You closely miss the red ugly thing.
The red ugly thing is lightly wounded.
The ogre hits you with a +0 giant club!
* * * LOW HITPOINT WARNING * * *
The red ugly thing tentacle-slaps you.
* * * LOW HITPOINT WARNING * * *
You are engulfed in flames!!
You die...

#.## ##..###. ,
##..###..###.. ###
##.....).###... *
#.###...).........#
##.##......)..##..## ,
#.........#######..# ,
##........# #..# *
#..###...## ##.# * #* *
#.♣# #....## #.# #.
#Ou###.....### #.. , #.
* ##S##.........####.. *
#..
*#.........##....##..
#..##........#####..†...
, #............# ###..##
##...........# #..##
#...#...#####.# #..# # *
....###..... *
######..###


You could see a red ugly thing, an ogre and an adder.

Vanquished Creatures
  A yak (D:6)
  A hungry ghost (D:5)
  An orc warrior (D:6)
  A sky beast (D:6)
  A black bear (D:6)
  An ogre (D:4)
  3 centaurs (D:5)
  A bullfrog (D:6)
  5 scorpions
  A bullfrog zombie (D:5)
  A jelly (D:5)
  2 hounds (D:5)
  Crazy Yiuf (D:4)
  2 orc priests
  5 orc wizards
  Ijyb (D:3)
  2 iguanas
  3 worker ants
  A killer bee zombie (D:6)
  A hound zombie (D:5)
  Robin (D:3)
  10 gnolls
  A worker ant zombie (D:5)
  7 adders
  2 shadow imps
  An adder skeleton (D:5)
  3 worms
  2 dart slugs
  4 leopard geckos
  13 orcs
  4 giant cockroaches
  15 goblins
  6 hobgoblins
  11 jackals
  7 kobolds
  4 quokkas
  10 bats
  5 frilled lizards
  A jackal skeleton (D:3)
  A jackal zombie (D:3)
  A leopard gecko skeleton (D:4)
  2 quokka zombies
  6 rats
152 creatures vanquished.

Notes
Turn   | Place    | Note
-------+----------+-------------------------------------------
     0 | D:1      | Anandil the Gnoll Monk began the quest for the Orb.
     0 | D:1      | Reached XP level 1. HP: 23/23 MP: 1/1
    80 | D:1      | Reached XP level 2. HP: 26/29 MP: 2/2
   561 | D:1      | Reached XP level 3. HP: 35/35 MP: 3/3
   739 | D:2      | Found an opulent altar of Gozag.
   929 | D:2      | Reached skill level 1 in Invocations
  1096 | D:2      | Reached skill level 1 in Short Blades
  1096 | D:2      | Reached skill level 1 in Axes
  1096 | D:2      | Reached skill level 1 in Maces & Flails
  1096 | D:2      | Reached skill level 1 in Polearms
  1096 | D:2      | Reached skill level 1 in Staves
  1096 | D:2      | Reached skill level 1 in Slings
  1096 | D:2      | Reached skill level 1 in Bows
  1096 | D:2      | Reached skill level 1 in Crossbows
  1096 | D:2      | Reached skill level 1 in Throwing
  1096 | D:2      | Reached skill level 1 in Armour
  1096 | D:2      | Reached skill level 1 in Shields
  1096 | D:2      | Reached skill level 1 in Unarmed Combat
  1096 | D:2      | Reached skill level 1 in Spellcasting
  1096 | D:2      | Reached skill level 1 in Evocations
  1117 | D:2      | Reached XP level 4. HP: 40/41 MP: 5/5
  1533 | D:3      | Noticed Ijyb
  1553 | D:3      | Killed Ijyb
  1553 | D:3      | Reached skill level 1 in Conjurations
  1553 | D:3      | Reached skill level 1 in Hexes
  1553 | D:3      | Reached skill level 1 in Charms
  1553 | D:3      | Reached skill level 1 in Summonings
  1553 | D:3      | Reached skill level 1 in Necromancy
  1553 | D:3      | Reached skill level 1 in Translocations
  1553 | D:3      | Reached skill level 1 in Transmutations
  1553 | D:3      | Reached skill level 1 in Fire Magic
  1553 | D:3      | Reached skill level 1 in Ice Magic
  1553 | D:3      | Reached skill level 1 in Air Magic
  1553 | D:3      | Reached skill level 1 in Earth Magic
  1553 | D:3      | Reached skill level 1 in Poison Magic
  1807 | D:3      | Reached XP level 5. HP: 34/47 MP: 5/7
  1836 | D:3      | Noticed Robin
  2101 | D:3      | Killed Robin
  2741 | D:3      | Reached XP level 6. HP: 53/53 MP: 8/8
  3377 | D:4      | Found a runed translucent door.
  3378 | D:4      | Noticed Crazy Yiuf
  4319 | D:4      | Reached XP level 7. HP: 41/59 MP: 10/10
  4665 | D:4      | Found a glowing golden altar of the Shining One.
  4889 | D:4      | Killed Crazy Yiuf
  5295 | D:5      | Entered Level 5 of the Dungeon
  5543 | D:5      | Reached skill level 5 in Stealth
  5775 | D:5      | Reached XP level 8. HP: 30/67 MP: 12/12
  7034 | D:6      | Found a staircase to the Ecumenical Temple.
  7047 | Temple   | Entered the Ecumenical Temple
  7104 | Temple   | Became a worshipper of Ashenzari the Shackled
  7104 | Temple   | Reached * piety under Ashenzari
  7104 | Temple   | Reached ** piety under Ashenzari
  7439 | D:6      | Reached XP level 9. HP: 39/72 MP: 14/14
  7976 | D:6      | Noticed a red ugly thing
  7978 | D:6      | Found Etuakam's Distillery.
  7991 | D:6      | Slain by a red ugly thing

Skill      XL: |  1  2  3  4  5  6  7  8  9 |
---------------+----------------------------+-----
Invocations    | 1 2 3 4 |  4.4
Short Blades   | 1 2 3 4 |  4.0
Axes           | 1 2 3 4 |  4.0
Maces & Flails | 1 2 3 4 |  4.0
Polearms       | 1 2 3 4 |  4.0
Staves         | 1 2 3 4 |  4.0
Slings         | 1 2 3 4 |  4.0
Bows           | 1 2 3 4 |  4.0
Crossbows      | 1 2 3 4 |  4.0
Throwing       | 1 2 3 4 |  4.0
Armour         | 1 2 3 4 |  4.0
Shields        | 1 2 3 4 |  4.0
Unarmed Combat | 1 2 3 4 |  4.0
Spellcasting   | 1 2 3 4 |  4.0
Evocations     | 1 2 3 4 |  4.0
Conjurations   | 1 2 3 |  3.2
Hexes          | 1 2 3 |  3.2
Charms         | 1 2 3 |  3.2
Summonings     | 1 2 3 |  3.2
Necromancy     | 1 2 3 |  3.2
Translocations | 1 2 3 |  3.2
Transmutations | 1 2 3 |  3.2
Fire Magic     | 1 2 3 |  3.2
Ice Magic      | 1 2 3 |  3.2
Air Magic      | 1 2 3 |  3.2
Earth Magic    | 1 2 3 |  3.2
Poison Magic   | 1 2 3 |  3.2
Fighting       | 7 |  7.7
Long Blades    | 7 |  7.7
Dodging        | 7 |  7.7
Stealth        | 5 |  5.8

Action                   |  1- 3 |  4- 6 |  7- 9 || total
-------------------------+-------+-------+-------++-------
Melee: Falchion          |    75 |    24 |       ||    99
       Bite              |    10 |    37 |    47 ||    94
       Long sword        |       |   204 |   324 ||   528
  Use: Potion            |       |     1 |     3 ||     4
 Stab: Sleeping          |     6 |     2 |     2 ||    10
  Eat: Chunk             |     1 |    10 |    12 ||    23
       Ration            |       |       |     2 ||     2
Armor: Ring mail         |    11 |     8 |       ||    19
       Scale mail        |       |    58 |   136 ||   194
       Skin              |       |       |     2 ||     2
Dodge: Dodged            |    49 |   149 |   197 ||   395
Block: Buckler           |     7 |    64 |   163 ||   234
       Rpst.: Falchion   |    16 |     4 |       ||    20
       Long sword        |       |    36 |    51 ||    87
